 Dungeon Crawl Stone Soup version 0.30-a0-371-gad7725a93e (webtiles) character file.

Game seed: 5804859006675301068

13729 garrulousMonolith the Geomancer (level 12, -15/72 HPs)
             Began as a Gargoyle Earth Elementalist on Nov 21, 2022.
             Was an Initiate of Gozag.
             Demolished by an anaconda simulacrum (19 damage)
             ... in an ice cave.
             The game lasted 00:25:31 (12695 turns).

garrulousMonolith the Geomancer (GrEE)             Turns: 12695, Time: 00:25:32

Health: -15/72     AC: 13    Str: 13    XL:     12   Next: 9%
Magic:  19/22      EV: 12    Int: 26    God:    Gozag
Gold:   1587       SH:  0    Dex: 10    Spells: 10/24 levels left

rFire   . . .      SeeInvis .    I - +2 dagger (venom)
rCold   . . .      Faith    .    (no shield)
rNeg    + . .      Spirit   .    t - +1 leather armour {Will+}
rPois   ∞          Reflect  .    n - +0 hat
rElec   +          Harm     .    e - scarf {+Inv}
rCorr   .          Rampage  .    (no gloves)
Will    +....                    (no boots)
Stlth   ++........               C - amulet of regeneration
HPRegen 1.12/turn                j - ring of wizardry
MPRegen 0.18/turn                x - +6 ring of intelligence

@: mighty, invisible
A: sickness immunity, AC +8, negative energy resistance 1, electricity
resistance, torment resistance 1, petrification resistance
a: Renounce Religion, Evoke Invisibility, Potion Petition, Call Merchant, Bribe
Branch


You were in an ice cave.
You worshipped Gozag.
Gozag was most pleased with you.
You visited 3 branches of the dungeon, and saw 12 of its levels.
You also visited: Ice Cave.

You collected 1912 gold pieces.
You paid 325 gold pieces to Gozag.

Inventory:

Hand Weapons
 u - a +4 dagger
 I - a +2 dagger of venom (weapon)
Missiles
 d - 5 boomerangs
 y - 26 poisoned darts (quivered)
 E - a throwing net
Armour
 e - a scarf of invisibility (worn)
 n - a +0 hat (worn)
 p - +0 shadow dragon scales
 t - a +1 leather armour of willpower (worn)
Jewellery
 f - an amulet of guardian spirit
 h - an amulet of magic regeneration
 j - a ring of wizardry (left hand)
 w - a ring of positive energy
 x - a +6 ring of intelligence (right hand)
 C - an amulet of regeneration (around neck)
 F - a ring of flight
Wands
 v - a wand of charming (12)
 A - a wand of roots (10)
Scrolls
 i - 10 scrolls of teleportation
 q - a scroll of summoning
 r - 2 scrolls of silence
 z - a scroll of brand weapon
 H - a scroll of enchant weapon
Potions
 g - 6 potions of curing
 l - 4 potions of attraction
 m - 2 potions of heal wounds
 o - a potion of lignification
 s - 3 potions of ambrosia
 D - a potion of invisibility


   Skills:
 + Level 7.6 Fighting
 + Level 7.5 Armour
 - Level 5.0 Dodging
 - Level 2.1 Stealth
 + Level 6.7 Spellcasting
 * Level 10.9 Conjurations
 - Level 1.0 Transmutations
 - Level 12.0 Earth Magic


You had 10 spell levels left.
You knew the following spells:

 Your Spells              Type           Power      Damage    Failure   Level
a - Sandblast             Erth           100%       2d20      1%          1
b - Stone Arrow           Conj/Erth      100%       3d13      1%          3
c - Passwall              Tmut/Erth      35%        N/A       1%          2
d - Lee's Rapid Deconstr  Erth           31%        3d16*     1%          5
e - Mephitic Cloud        Conj/Pois/Air  27%        N/A       2%          3

Your spell library contained the following spells:

 Spells                   Type           Power      Damage    Failure   Level
 Leda's Liquefaction      Hex/Erth       20%        N/A       2%          4
 Petrify                  Tmut/Erth      42%        N/A       2%          4
 Ensorcelled Hibernation  Hex/Ice        16%        N/A       4%          2
 Poisonous Vapours        Pois/Air       16%        N/A       4%          2
 Frozen Ramparts          Ice            16%        1d3       10%         3
 Swiftness                Air            8%         N/A       10%         3
 Ice Form                 Ice/Tmut       11%        N/A       26%         4
 Summon Ice Beast         Ice/Summ       8%         N/A       30%         4
 Summon Lightning Spire   Summ/Air       8%         N/A       30%         4
 Storm Form               Tmut/Air       5%         N/A       100%        7
 Maxwell's Capacitive Co  Air            4%         ∞         100%        8
 Cigotuvi's Dreadful Rot  Necr/Pois/Air  Unusable   N/A       N/A         2
 Statue Form              Tmut/Erth      Unusable   N/A       N/A         6

Dungeon Overview and Level Annotations

Branches:
Dungeon (10/15)            Temple (1/1) D:5            Lair (1/5) D:10
    Orc (0/2) D:9           IceCv (1/1)

Altars:
Ashenzari
Cheibriados
Dithmenos
Elyvilon
Fedhas
Gozag
Hepliaklqana
Kikubaaqudgha
Makhleb
Nemelex Xobeh
Okawaru
Qazlal
Ru
Sif Muna
Trog
Uskayaw
Vehumet
Wu Jian
Xom
Yredelemnul
Zin
The Shining One

Annotations:
D:8 1 transporter
Lair:1 3 runed translucent doors, Morec's ghost, novice FeEE; Soc Zyegy's ghost, journeyman GnHu


Innate Abilities, Weirdness & Mutations

You are immune to sickness and miasma.
Your stone body is resilient. (AC +8)
You are immune to poison.
You resist negative energy. (rN+)
You are resistant to electric shocks. (rElec)
You are resistant to unholy torment.
You are immune to petrification.


Message History

An anaconda simulacrum comes into view.
A cane toad simulacrum comes into view.
The anaconda simulacrum closely misses you.
The anaconda simulacrum bites you! The anaconda simulacrum freezes you!
The anaconda simulacrum attacks as you move away!
The anaconda simulacrum barely misses you. x2
The anaconda simulacrum bites you but does no damage.
Casting: Stone Arrow (safe; 1% risk of failure)
Confirm with . or Enter, or press ? or * to list all spells.
Aiming: Stone Arrow (safe; 1% risk of failure)
Press: ? - help, Shift-Dir - straight line, f - anaconda simulacrum
Aim: an anaconda simulacrum (75% to hit)
The stone arrow hits the anaconda simulacrum!
The anaconda simulacrum is moderately damaged.
The anaconda simulacrum grabs you. The anaconda simulacrum bites you!
The anaconda simulacrum freezes you!!
* * * LOW HITPOINT WARNING * * *
The anaconda simulacrum constricts you.
Okay, then.
You feel much better. The anaconda simulacrum bites you!
The anaconda simulacrum freezes you!!
* * * LOW HITPOINT WARNING * * *
The anaconda simulacrum constricts you.
* * * LOW HITPOINT WARNING * * *
The anaconda simulacrum bites you but does no damage.
The anaconda simulacrum constricts you.
* * * LOW HITPOINT WARNING * * *
Okay, then. [a] - 232 gold - might and brilliance [b] - 600 gold - haste and resistance [c] - 264 gold - invisibility and might Purchase which effect?
You fade into invisibility!
You feel very mighty all of a sudden.
The anaconda simulacrum completely misses you.
The anaconda simulacrum constricts you.
You escape the anaconda simulacrum's grasp.
The anaconda simulacrum bites you.
* * * LOW HITPOINT WARNING * * *
The anaconda simulacrum freezes you!!
You die...
Your body crumbles into a pile of gold.

#### . ##..######
.. ##....##..##
#... #........@.##
.....
#.∩.∩.....Z.#..Z...
#.......##Z...#
##....#####..##
##..## ..## ####
≈≈≈# ≈≈≈≈≈ ≈≈≈≈##
≈#≈##


You could see an anaconda simulacrum (unable to see you) and a cane toad
simulacrum (unable to see you).

Vanquished Creatures
  Gastronok (D:8)
  A boulder beetle (D:10)
  4 two-headed ogres
  A cane toad (Lair:1)
  A freezing wraith (IceCv)
  A komodo dragon (Lair:1)
  A troll (D:7)
  Prince Ribbit (D:8)
  5 blink frogs (Lair:1)
  A shadow (D:10)
  Sigmund (D:3)
  3 wraiths
  Grum (D:8)
  4 yaks (D:8)
  2 steam dragons
  A harpy simulacrum (IceCv)
  3 death yak simulacra (IceCv)
  An acid dragon (D:10)
  2 water moccasins
  A sky beast (D:8)
  4 orc warriors
  4 ogres
  8 wolves
  2 centaurs (D:9)
  5 kobold brigands
  5 bullfrogs
  3 gnoll sergeants
  4 scorpions
  2 cane toad simulacra (IceCv)
  4 necrophages
  2 two-headed ogre simulacra (IceCv)
  9 killer bees
  6 howler monkeys
  3 gnoll boudas
  3 jellies
  6 orc priests
  6 hounds
  4 iguanas
  8 orc wizards
  A polar bear simulacrum (IceCv)
  A spriggan simulacrum (IceCv)
  2 wolf simulacra (IceCv)
  6 adders
  25 gnolls
  A shadow imp (D:5)
  4 white imps
  A worm (D:3)
  17 dart slugs
  34 orcs
  5 ball pythons
  5 bats
  9 endoplasms
  5 goblins
  3 hobgoblins
  3 jackals (D:2)
  23 kobolds
  5 quokkas
  5 frilled lizards
  2 rats (D:1)
281 creatures vanquished.

Vanquished Creatures (others)
  A demonic plant (D:1)
  A plant (Lair:1)
  2 withered plants
4 creatures vanquished.

Grand Total: 285 creatures vanquished

Notes
Turn   | Place    | Note
-------+----------+-------------------------------------------
     0 | D:1      | garrulousMonolith the Gargoyle Earth Elementalist began the
                  | quest for the Orb.
     0 | D:1      | Reached XP level 1. HP: 10/10 MP: 3/3
   334 | D:1      | Found a faded altar of an unknown god.
   358 | D:1      | Reached XP level 2. HP: 16/16 MP: 3/5
   489 | D:1      | Learned a level 2 spell: Passwall
   568 | D:1      | Reached skill level 4 in Earth Magic
   672 | D:1      | Reached skill level 1 in Transmutations
  1170 | D:2      | Reached XP level 3. HP: 20/20 MP: 2/6
  1174 | D:2      | Learned a level 3 spell: Stone Arrow
  1292 | D:2      | Reached skill level 1 in Fighting
  1407 | D:2      | Reached skill level 1 in Conjurations
  1878 | D:2      | Reached XP level 4. HP: 25/25 MP: 4/7
  2231 | D:3      | Found a white marble altar of Elyvilon.
  2359 | D:3      | Reached skill level 1 in Armour
  3297 | D:3      | Noticed Sigmund
  3300 | D:3      | Killed Sigmund
  3301 | D:3      | Reached skill level 5 in Earth Magic
  3301 | D:3      | Reached XP level 5. HP: 26/30 MP: 4/9
  3301 | D:3      | Reached XP level 6. HP: 30/35 MP: 4/10
  3522 | D:4      | Found a broken altar of Ashenzari.
  3789 | D:4      | Reached XP level 7. HP: 34/40 MP: 6/11
  3926 | D:4      | Reached skill level 6 in Earth Magic
  4077 | D:5      | Entered Level 5 of the Dungeon
  4188 | D:5      | Found a staircase to the Ecumenical Temple.
  4197 | Temple   | Entered the Ecumenical Temple
  4499 | Temple   | Became a worshipper of Gozag Ym Sagoz the Greedy
  4993 | D:5      | Reached XP level 8. HP: 46/46 MP: 7/12
  5155 | D:5      | Reached skill level 7 in Earth Magic
  5599 | D:5      | Reached skill level 5 in Conjurations
  6454 | D:6      | Reached XP level 9. HP: 52/52 MP: 1/15
  6828 | D:6      | Reached skill level 8 in Earth Magic
  7430 | D:6      | Identified a scroll of acquirement
  7430 | D:6      | Acquired a book of the Earth
  7438 | D:6      | Learned a level 5 spell: Lee's Rapid Deconstruction
  7966 | D:7      | Noticed a troll
  7972 | D:7      | Killed a troll
  8359 | D:7      | Reached skill level 9 in Earth Magic
  8732 | D:8      | Reached skill level 5 in Fighting
  8732 | D:8      | Reached XP level 10. HP: 52/59 MP: 11/17
  8880 | D:8      | Reached skill level 5 in Armour
  8881 | D:8      | Noticed Grum
  8965 | D:8      | Noticed Prince Ribbit
  8972 | D:8      | Killed Prince Ribbit
  8977 | D:8      | Killed Grum
  8978 | D:8      | Reached skill level 5 in Spellcasting
  9349 | D:8      | Found a transporter.
  9484 | D:8      | Noticed Gastronok
  9497 | D:8      | Killed Gastronok
  9498 | D:8      | Reached skill level 10 in Earth Magic
 10331 | D:9      | Learned a level 3 spell: Mephitic Cloud
 10417 | D:9      | Noticed a two-headed ogre
 10420 | D:9      | Killed a two-headed ogre
 10421 | D:9      | Reached skill level 5 in Dodging
 10421 | D:9      | Reached XP level 11. HP: 64/64 MP: 10/19
 10475 | D:9      | Noticed a two-headed ogre
 10480 | D:9      | Killed a two-headed ogre
 10481 | D:9      | Reached skill level 11 in Earth Magic
 10510 | D:9      | Noticed a two-headed ogre
 10629 | D:9      | Killed a two-headed ogre
 10642 | D:10     | Entered Level 10 of the Dungeon
 10780 | D:9      | Found a staircase to the Orcish Mines.
 11161 | D:10     | Noticed a boulder beetle
 11170 | D:10     | Killed a boulder beetle
 11764 | D:10     | Noticed a two-headed ogre
 11770 | D:10     | Killed a two-headed ogre
 11771 | D:10     | Reached skill level 10 in Conjurations
 11873 | D:10     | Found a staircase to the Lair.
 12178 | Lair:1   | Entered Level 1 of the Lair of Beasts
 12178 | Lair:1   | Found a runed translucent gate.
 12178 | Lair:1   | Found a runed translucent gate.
 12180 | Lair:1   | Found a runed translucent gate.
 12188 | Lair:1   | Noticed Soc Zyegy's ghost (journeyman GnHu)
 12188 | Lair:1   | Noticed Morec's ghost (novice FeEE)
 12202 | Lair:1   | Reached skill level 12 in Earth Magic
 12258 | Lair:1   | Found a frozen archway.
 12271 | IceCv    | Entered an ice cave
 12281 | IceCv    | Reached XP level 12. HP: 23/72 MP: 16/21
 12693 | IceCv    | HP: 3/72 [constriction (3)]
 12695 | IceCv    | Demolished by an anaconda simulacrum

Illustrated notes

Levels and vault maps discovered:
D:1:      dpeg_arrival_three_smaller_balls, layout_basic,
          shapermc_ecumenical_altar_gd
D:2:      layout_loops_corners, minivault_23, minmay_misc_feat_alley
D:3:      kennysheep_slugbush, layout_loops_ring, elyvilon_altar_5,
          minmay_between, uniq_sigmund
D:4:      layout_rooms, ashenzari_altar_1
D:5:      layout_loops_cross, minmay_temple_entry_mini_moons
D:6:      layout_basic, serial_co_window_serial, co_window_cross_1,
          co_window_paths_b, co_window_paths_a, co_window_paths_b,
          co_window_corner_a, co_window_2corner, co_window_2corner,
          co_window_broadway_b, co_window_corner_ca, co_window_sun,
          co_window_4corner_b, glass_columns_b, glass_columns_b,
          glass_columns_a, glass_columns_b, glass_columns_c
D:7:      layout_rooms, abandoned_shop
D:8:      layout_basic, nicolae_diode_basic, uniq_grum, uniq_gastronok,
          uniq_prince_ribbit1
D:9:      layout_rooms, david_orc_2
D:10:     layout_cave_pools, lair_entry_dummy
Temple:   nicolae_temple_bog_church
Lair:1:   layout_roguey, gammafunk_ghost_cemetery,
          portal_ice_cave_entry_pillars_1, grunt_forest_stairs_basic,
          serial_bayou_shore_a, grunt_megastairs_5
IceCv:    ice_cave_small_necro

Skill      XL: |  1  2  3  4  5  6  7  8  9 10 11 |
---------------+----------------------------------+-----
Earth Magic    | 4 5 6 7 9 10 12 | 12.0
Transmutations | 1 |  1.0
Fighting       | 1 2 3 5 6 7 |  7.6
Conjurations   | 1 2 3 4 5 7 9 10 | 10.9
Armour         | 1 2 3 4 6 7 |  7.5
Dodging        | 2 3 4 5 |  5.0
Spellcasting   | 3 4 5 6 |  6.7
Stealth        | |  2.1

Action                   |  1- 3 |  4- 6 |  7- 9 | 10-12 || total
-------------------------+-------+-------+-------+-------++-------
Melee: Falchion          |     9 |       |       |       ||     9
       Dagger            |       |       |    14 |    75 ||    89
       Punch             |       |       |       |     1 ||     1
Throw: Dart              |       |       |     1 |       ||     1
 Cast: Sandblast         |    37 |    72 |   152 |    97 ||   358
       Stone Arrow       |       |       |    39 |    73 ||   112
       Lee's Rapid Decon |       |       |       |    21 ||    21
       Mephitic Cloud    |       |       |       |     1 ||     1
Invok: Potion Petition   |       |       |       |     1 ||     1
Evoke: Wand              |       |       |     1 |     2 ||     3
  Use: Scroll            |       |     1 |    11 |    10 ||    22
       Potion            |       |       |       |     5 ||     5
 Stab: Confused          |       |       |       |     1 ||     1
Armor: Robe              |     6 |       |       |       ||     6
       Leather armour    |       |     8 |    26 |    78 ||   112
Dodge: Dodged            |    17 |    11 |    54 |   127 ||   209

Table legend: (Time is in decaauts)
 A = Elapsed time spent in this place.
 B = Non-inter-level travel time spent in this place.
 C = Inter-level travel time spent in this place.
 D = Time resting spent in this place.
 E = Time spent auto-exploring this place.
 F = Levels seen in this place.
 G = Mean time per level.
                   A        B        C        D        E       F      G
               +--------+--------+--------+--------+--------+-----+--------+
         Total |  12940 |  12584 |    356 |   2639 |   7935 |  13 |  995.4 |
       Dungeon |  12056 |  11738 |    318 |   2294 |   7788 |  10 | 1205.6 |
        Temple |    336 |    298 |     38 |      0 |    137 |   1 |  336.0 |
          Lair |    102 |    102 |      0 |      0 |      0 |   1 |  102.0 |
      Ice Cave |    444 |    444 |      0 |    345 |      9 |   1 |  444.0 |
               +--------+--------+--------+--------+--------+-----+--------+

Top non-repeatable levels by time:
     D:6: 1782 daAuts
     D:8: 1647 daAuts
     D:5: 1334 daAuts
     D:3: 1317 daAuts
     D:1: 1173 daAuts
     D:7: 1122 daAuts
    D:10: 1105 daAuts
     D:2: 1034 daAuts
     D:9: 904 daAuts
     D:4: 633 daAuts
   IceCv: 444 daAuts
  Temple: 336 daAuts
  Lair:1: 102 daAuts
